 Dungeon Crawl Stone Soup version 0.31-a0-229-g1fc7ce93e2 (webtiles) character file.

Game seed: 1937173620826791617

423 qw the Shooter (level 6, -12/38 HPs)
             Began as a Gargoyle Hexslinger on July 6, 2023.
             Was a Follower of Okawaru.
             Mangled by a yak (13 damage)
             ... on level 4 of the Dungeon.
             The game lasted 00:01:45 (3737 turns).

qw the Shooter (Gargoyle Hexslinger)                Turns: 3737, Time: 00:01:46

Health: -12/38     AC: 11    Str: 18    XL:     6   Next: 95%
Magic:  7/7        EV: 11    Int: 13    God:    Okawaru [*.....]
Gold:   320        SH:  0    Dex: 14    Spells: 6/7 levels left

rFire   . . .        g - +1 sling (heavy)
rCold   . . .        (no shield)
rNeg    + . .        n - +0 ring mail
rPois   inf          m - +0 helmet
rElec   +            (no cloak)
rCorr   .            (no gloves)
SInv    .            j - +0 pair of boots
Will    .....        k - amulet of regeneration
Stlth   +            f - +6 ring of strength
HPRegen 1.06/turn    (no ring)
MPRegen 0.10/turn

%: no passive effects
@: no status effects
A: sickness immunity, AC +4, negative energy resistance 1, electricity
resistance, torment resistance 1, petrification resistance
a: Renounce Religion, Heroism


You were on level 4 of the Dungeon.
You worshipped Okawaru.
Okawaru was aware of your devotion.
You visited 2 branches of the dungeon, and saw 6 of its levels.
You also visited: Sewer.

You collected 374 gold pieces.
You spent 54 gold pieces at shops.


Innate Abilities, Weirdness & Mutations

You are immune to sickness and miasma.
Your stone body is resilient. (AC +4)
You are immune to poison.
You resist negative energy. (rN+)
You are resistant to electric shocks. (rElec)
You are resistant to unholy torment.
You are immune to petrification.


   Skills:
 - Level 4.0 Fighting
 + Level 6.0 Ranged Weapons
 - Level 1.1 Armour
 - Level 1.5 Dodging
 - Level 1.0 Spellcasting
 - Level 2.6 Hexes


You had 6 spell levels left.
You knew the following spells:

 Your Spells              Type           Power      Damage    Failure   Level
a - Slow                  Hex            28%        N/A       17%         1

Your spell library contained the following spells:

 Spells                   Type           Power      Damage    Failure   Level
 Inner Flame              Hex/Fire       4%         N/A       65%         3
 Portal Projectile        Hex/Tloc       8%         N/A       65%         3
 Cause Fear               Hex            3%         N/A       86%         4

Inventory:

Hand Weapons
 g - a +1 heavy sling (weapon)
Armour
 j - a +0 pair of boots (worn)
 m - a +0 helmet (worn)
 n - a +0 ring mail (worn)
Jewellery
 c - a ring of ice
 f - a +6 ring of strength (left hand)
 k - an amulet of regeneration (around neck)
Scrolls
 a - 3 scrolls of brand weapon
 p - a scroll of identify
 q - a scroll of teleportation
Potions
 b - a potion of heal wounds {unknown}
 d - 2 potions of resistance
 e - a potion of cancellation
 h - a potion of enlightenment {unknown}
 i - a potion of brilliance {unknown}
 l - 3 potions of curing
 o - a potion of might {unknown}
 r - a potion of invisibility {unknown}
 s - a potion of haste {unknown}
 u - a potion of mutation {unknown}

Dungeon Overview and Level Annotations

Branches:
Dungeon (5/15)             Temple (1/1) D:4           Sewer (visited)

Altars:
Ashenzari
Cheibriados
Dithmenos
Fedhas
Hepliaklqana
Kikubaaqudgha
Makhleb
Nemelex Xobeh
Okawaru
Qazlal
Ru
Sif Muna
Trog
Uskayaw
Vehumet
Xom
Zin
The Shining One

Shops:
D:1 *:=(*   D:3 (


Message History

3732 ||| STAIRDANCE The adder closely misses you.
The yak completely misses you. The yak gores you but does no damage.
The yak closely misses you.
You climb upwards.
There is a stone staircase leading down here.
Enter note:
Enter note:
Enter note:
Enter note:
Enter note:
Enter note:
Enter note:
Enter note:
Enter note:
Enter note:
Enter note:
Enter note: You shoot a sling bullet.
The sling bullet hits the yak.
The yak is severely wounded.
The adder closely misses you. The yak barely misses you.
The yak gores you but does no damage. The yak closely misses you.
The adder bites you but does no damage.
You shoot a sling bullet. The sling bullet hits the yak!
The yak is almost dead.
The adder bites you but does no damage. The yak gores you!
The yak gores you but does no damage. The yak gores you.
The adder barely misses you. The yak closely misses you.
The yak barely misses you. The yak gores you but does no damage.
You shoot a sling bullet. The sling bullet barely misses the yak.
The adder bites you but does no damage. The yak barely misses you. x2
The yak gores you but does no damage. The adder bites you but does no damage.
The yak gores you! The yak gores you. The yak gores you but does no damage.
The adder bites you but does no damage.
You shoot a sling bullet. The sling bullet hits the yak!
You kill the yak!
Okawaru is honoured by your kill.
You can now gain great but temporary skills.
The adder barely misses you. The yak gores you! The yak gores you.
The adder bites you but does no damage. The yak gores you!
You die...

#..### ###..##.#.....### #....
##...######......#.....## #....
.###....................#####...>
.# #####.........................
.# #.................#####.## .##
#.......#.........#####.## ..##
#.........................
#..#####.......#YS..........#.###
##.....#........@.......###...###
#####.........#.Y.......##....##
####.....................##.##...
#....[.........#.............#...
.....####.....##................#
.##### ###..###..............#.#
.##########..# ##................
.............## ##....#.##....#.#
##########...<####....#....##.#.#


You could see 2 yaks and an adder.

Vanquished Creatures
  A yak (D:4)
  A hound (D:3)
  An orc priest (D:3)
  A jelly (D:3)
  A sleepcap (D:3)
  Natasha (twice) (D:2)
  An iguana (D:4)
  6 adders
  7 river rats (Sewer)
  A worm (D:3)
  2 dart slugs
  5 orcs (D:3)
  10 ball pythons
  4 bats
  4 endoplasms
  5 giant cockroaches
  11 hobgoblins
  3 quokkas
  4 frilled lizards
  12 goblins
  15 kobolds
  30 rats
  A butterfly (D:2)
128 creatures vanquished.

Notes
Turn   | Place    | Note
-------+----------+-------------------------------------------
     0 | D:1      | qw the Gargoyle Hexslinger began the quest for the Orb.
     0 | D:1      | Reached XP level 1. HP: 12/12 MP: 2/2
     0 | D:1      | 0 ||| qw: Version: 0.3-a-46-gb1f654a
     0 | D:1      | 0 ||| qw: Game counter: 1398
     0 | D:1      | 0 ||| qw: Melee chars always use a shield: true
     0 | D:1      | 0 ||| qw: God list: Okawaru
     0 | D:1      | 0 ||| qw: Allow faded altars: false
     0 | D:1      | 0 ||| qw: Do Orc after clearing Dungeon:15 true
     0 | D:1      | 0 ||| qw: Do second Lair branch before Depths: true
     0 | D:1      | 0 ||| qw: Lair rune preference: random
     0 | D:1      | 0 ||| qw: Goals: Normal
     0 | D:1      | 0 ||| PLANNING D:1-11
    93 | D:1      | Found Gautad's Jewellery Boutique.
   107 | D:1      | 107 ||| SHOPLISTING amulet of the acrobat (360 gold, have
                  | 9).
   107 | D:1      | 107 ||| SHOPLISTING ring of resist corrosion (240 gold,
                  | have 9).
   107 | D:1      | 107 ||| SHOPLISTING ring of see invisible (180 gold, have
                  | 9).
   107 | D:1      | 107 ||| SHOPLISTING ring of willpower (300 gold, have 9).
   132 | D:1      | Found Ysaat's Antique Weapon Emporium.
   146 | D:1      | 146 ||| SHOPLISTING glowing orcbow (149 gold, have 9).
   171 | D:1      | Found Raosaf's Assorted Antiques.
   177 | D:1      | Reached XP level 2. HP: 16/16 MP: 3/3
   180 | D:1      | 180 ||| SHOPLISTING 3 scrolls labelled XEESTR FOKKUGH (66
                  | gold, have 9).
   180 | D:1      | 180 ||| SHOPLISTING coral ring (110 gold, have 9).
   180 | D:1      | 180 ||| SHOPLISTING scroll labelled DISEIXA XAIBB (22 gold,
                  | have 9).
   180 | D:1      | 180 ||| SHOPLISTING scroll labelled QEIMOS BAFREMN (22
                  | gold, have 9).
   180 | D:1      | 180 ||| SHOPLISTING scroll labelled QOVUHI UGGEEQO (22
                  | gold, have 9).
   180 | D:1      | 180 ||| SHOPLISTING smoky inky potion (19 gold, have 9).
   270 | D:1      | Reached skill level 3 in Ranged Weapons
   308 | D:1      | Found Feod's Book Boutique.
   444 | D:1      | Found Amiaxyan's Assorted Antiques.
   470 | D:1      | 470 ||| BUYING 2 puce potions (54 gold).
   470 | D:1      | Bought 2 puce potions for 54 gold pieces
   470 | D:1      | 470 ||| SHOPLISTING leather armour (60 gold, have 26).
   470 | D:1      | 470 ||| SHOPLISTING puce potion (27 gold, have 26).
   470 | D:1      | 470 ||| SHOPLISTING ring mail (120 gold, have 26).
   470 | D:1      | 470 ||| SHOPLISTING scroll labelled DORYUNGUTAA (30 gold,
                  | have 26).
   470 | D:1      | 470 ||| SHOPLISTING smoky inky potion (27 gold, have 26).
   570 | D:1      | Reached XP level 3. HP: 21/21 MP: 4/4
   663 | D:1      | 663 ||| UPGRADING to +6 ring of strength.
   664 | D:1      | 664 ||| READING 4 scrolls labelled XEESTR FOKKUGH.
   665 | D:1      | 665 ||| READING scroll labelled DISEIXA XAIBB.
   670 | D:1      | 670 ||| READING scroll labelled DORYUNGUTAA.
   671 | D:1      | 671 ||| READING scroll labelled MUQOAZ SAAQ.
   672 | D:1      | 672 ||| READING scroll labelled BICKIG DILUI.
   673 | D:1      | 673 ||| READING scroll labelled SITO KAHAPLIU.
   674 | D:1      | 674 ||| DRINKING 2 puce potions.
   675 | D:1      | 675 ||| DROPPING scroll of poison.
  1016 | D:2      | Noticed Natasha
  1022 | D:2      | Killed Natasha
  1252 | D:2      | Noticed Natasha
  1259 | D:2      | Killed Natasha
  1260 | D:2      | Reached skill level 4 in Ranged Weapons
  1260 | D:2      | Reached XP level 4. HP: 13/26 MP: 5/5
  1496 | D:2      | HP: 6/26 [goblin/+0 dagger (1)]
  1497 | D:2      | 1497 ||| READING scroll of teleportation.
  1741 | D:2      | 1741 ||| UPGRADING to +0 pair of boots.
  1746 | D:2      | 1746 ||| UPGRADING to amulet of regeneration.
  1839 | D:3      | Reached XP level 5. HP: 30/30 MP: 6/6
  1840 | D:3      | Found a faded altar of an unknown god.
  1934 | D:3      | Found Oshronatim's Weapon Boutique.
  2022 | D:3      | Reached skill level 5 in Ranged Weapons
  2257 | D:3      | Reached skill level 3 in Fighting
  2263 | D:3      | Reached XP level 6. HP: 37/37 MP: 7/7
  2442 | D:3      | 2442 ||| Stepping ~*~*~tactically~*~*~ (water).
  2536 | D:3      | 2536 ||| UPGRADING to +0 helmet.
  2541 | D:3      | 2541 ||| UPGRADING to +0 leather armour.
  2551 | D:3      | 2551 ||| DROPPING +0 robe.
  2552 | D:3      | 2552 ||| DROPPING +6 ring of intelligence.
  2553 | D:3      | 2553 ||| READING scroll labelled YSUONL ROPLU.
  2554 | D:3      | 2554 ||| READING 3 scrolls of identify.
  2554 | D:3      | 2554 ||| IDENTIFYING viscous clear potion
  2555 | D:3      | 2555 ||| READING 2 scrolls of identify.
  2555 | D:3      | 2555 ||| IDENTIFYING sapphire potion
  2556 | D:3      | 2556 ||| DROPPING potion of degeneration.
  2589 | D:4      | 2589 ||| PLANNING SEWER
  2592 | D:4      | 2592 ||| STAIRDANCE
  2599 | D:3      | Reached skill level 1 in Armour
  2735 | D:4      | Found a staircase to the Ecumenical Temple.
  2962 | D:4      | Found a glowing drain.
  2964 | D:4      | 2964 ||| UPGRADING to +0 ring mail.
  2974 | D:4      | 2974 ||| DROPPING +0 leather armour.
  2975 | D:4      | 2975 ||| READING scroll labelled NODIGYKHUOCU.
  2987 | Sewer    | Entered a sewer
  3075 | Sewer    | Reached skill level 6 in Ranged Weapons
  3123 | Sewer    | 3123 ||| Stepping ~*~*~tactically~*~*~ (water).
  3138 | Sewer    | HP: 5/37 [river rat (7)]
  3146 | Sewer    | HP: 9/37 [rat (2)]
  3151 | Sewer    | 3151 ||| FLEEEEING.
  3152 | Sewer    | 3152 ||| FLEEEEING.
  3153 | Sewer    | 3153 ||| FLEEEEING.
  3154 | Sewer    | 3154 ||| FLEEEEING.
  3155 | Sewer    | 3155 ||| FLEEEEING.
  3156 | Sewer    | 3156 ||| FLEEEEING.
  3157 | Sewer    | 3157 ||| FLEEEEING.
  3158 | Sewer    | 3158 ||| FLEEEEING.
  3159 | Sewer    | 3159 ||| FLEEEEING.
  3160 | Sewer    | 3160 ||| FLEEEEING.
  3161 | Sewer    | 3161 ||| FLEEEEING.
  3162 | Sewer    | 3162 ||| FLEEEEING.
  3163 | Sewer    | 3163 ||| FLEEEEING.
  3164 | Sewer    | 3164 ||| FLEEEEING.
  3185 | Sewer    | 3185 ||| Stepping ~*~*~tactically~*~*~ (water).
  3192 | Sewer    | 3192 ||| Stepping ~*~*~tactically~*~*~ (water).
  3307 | Sewer    | 3307 ||| Stepping ~*~*~tactically~*~*~ (outnumbered).
  3421 | Sewer    | 3421 ||| READING scroll labelled JOAREPR OKHLERPH.
  3422 | Sewer    | 3422 ||| DRINKING 2 coppery potions.
  3423 | Sewer    | 3423 ||| DRINKING 2 grey potions.
  3424 | Sewer    | 3424 ||| DROPPING potion of magic.
  3459 | D:4      | 3459 ||| PLANNING TEMPLE
  3503 | Temple   | Entered the Ecumenical Temple
  3505 | Temple   | 3505 ||| PLANNING OKAWARU WORSHIP
  3589 | Temple   | Became a worshipper of Warmaster Okawaru
  3590 | Temple   | 3590 ||| PLANNING D:1-11
  3727 | D:5      | Entered Level 5 of the Dungeon
  3727 | D:5      | Noticed a yak
  3727 | D:5      | Noticed a yak
  3727 | D:5      | Noticed a yak
  3727 | D:5      | Noticed a yak
  3727 | D:5      | Noticed a yak
  3727 | D:5      | Noticed a yak
  3732 | D:5      | 3732 ||| STAIRDANCE
  3737 | D:4      | Killed a yak
  3737 | D:4      | Reached * piety under Okawaru
  3737 | D:4      | HP: 7/38 [yak (9)]
  3737 | D:4      | HP: 1/38 [yak (6)]
  3737 | D:4      | Mangled by a yak

Levels and vault maps discovered:
D:1:      dpeg_arrival_pond, layout_loops_ring, serial_shops, shop,
          nicolae_shop_competitors_out_of_business, shop, nicolae_diamond_shop,
          shop, kennysheep_pointless_box, minmay_small_reverse_x
D:2:      cheibrodos_greedy_goblins, layout_loops_corners,
          dreamdust_wishing_well, hangedman_glass_garden, minivault_23,
          uniq_natasha
D:3:      layout_loops_cross, chequers_ecumenical_altar_island, serial_shops,
          shop, amethyst_killhole, minmay_splitting_lines,
          serial_bayou_lagoon_a, minmay_misc_feat_roman,
          minmay_randomly_rotated_circles
D:4:      layout_rooms, minmay_temple_entry_ruins, portal_sewer_entry_f
D:5:      layout_gridville
Temple:   compressed_dpeg_circular_temple

Skill      XL: |  1  2  3  4  5  6 |
---------------+-------------------+-----
Ranged Weapons | 3 4 5 6 |  6.0
Fighting       | 2 3 4 |  4.0
Armour         | 1 |  1.1
Dodging        | |  1.5
Spellcasting   | |  1.0
Hexes          | |  2.6

Action                     |  1- 3 |  4- 6 || total
---------------------------+-------+-------++-------
   Fire: Sling             |    90 |   271 ||   361
    Use: Scroll            |     6 |     6 ||    12
         Potion            |     1 |     2 ||     3
 Armour: Robe              |    16 |    45 ||    61
         Ring mail         |       |    98 ||    98
         Leather armour    |       |    19 ||    19
  Dodge: Dodged            |    33 |   262 ||   295

Table legend:
 A = Non-vault XP
 B = Vault XP
 C = Vault XP percentage of total XP
 D = Non-vault monster count
 E = Vault monster count
 F = Vault count percentage of total count
                 A         B        C        D         E       F
            +---------+---------+-------+---------+---------+-------
      Total |     534 |     284 |  34.7 |      52 |      75 |  59.1
            +---------+---------+-------+---------+---------+-------
        D:1 |      29 |       5 |  14.7 |      17 |       4 |  19.0
        D:2 |      71 |      59 |  45.4 |       9 |      14 |  60.9
        D:3 |     166 |      51 |  23.5 |      19 |       6 |  24.0
        D:4 |     268 |      10 |   3.6 |       7 |       5 |  41.7
      Sewer |       0 |     159 | 100.0 |       0 |      46 | 100.0
            +---------+---------+-------+---------+---------+-------
